 Dungeon Crawl Stone Soup version 0.14.0-24-gfb45beb (webtiles) character file.

95 Amnesiac the Cutter (level 3, 0/29 HPs)
             Began as a Mummy Chaos Knight on Apr 24, 2014.
             Was a Plaything of Xom.
             Slain by an adder (2 damage)
             ... on Level 2 of the Dungeon.
             The game lasted 00:02:13 (1190 turns).

Amnesiac the Cutter (Mummy Chaos Knight)            Turns: 1190, Time: 00:02:13

HP   0/29        AC  5     Str 15      XL: 3   Next: 48%
MP   3/3         EV 10     Int 11      God: Xom
Gold 48          SH  0     Dex 12      Spells:  0 memorised,  2 levels left

rFire  x . .     SeeInvis .     a - +0 short sword (chaos)
rCold  + . .     Clarity  .     b - +2 leather armour
rNeg   + + +     Conserve .     (no shield)
rPois  +         rCorr    .     (no helmet)
rElec  .         rRot     +     (no cloak)
SustAb . .       Spirit   .     (no gloves)
rMut   .         Warding  .     (no boots)
Saprov . . .     Stasis   .     (no amulet)
MR     .....                    (no ring)
                                (no ring)

@: not resistant to hostile enchantments, very unstealthy
A: no food or potions, fire vulnerability, restore body, cold resistance 1, life
protection 3, poison resistance, torment resistance, unbreathing
a: Renounce Religion


You were on level 2 of the Dungeon.
You worshipped Xom.
You were a toy of Xom.
You were not hungry.

You visited 1 branch of the dungeon, and saw 2 of its levels.

You collected 48 gold pieces.

Inventory:

Hand weapons
 a - a +0,+0 short sword of chaos (weapon)
Armour
 b - a +2 leather armour (worn)
Magical devices
 f - a wand of slowing (19) {unknown}
Scrolls
 c - 2 scrolls of teleportation {unknown}
 d - a scroll of amnesia {unknown}
 e - a scroll of fear {unknown}


   Skills:
 - Level 3.0 Fighting
 + Level 3.7 Short Blades
 - Level 1.5 Armour
 - Level 0.7 Dodging


You had 2 spell levels left.
You didn't know any spells.

Dungeon Overview and Level Annotations

Branches:
Dungeon (2/15)

Altars:


Innate Abilities, Weirdness & Mutations

You do not eat or drink.
Your flesh is vulnerable to fire.
Your flesh is cold resistant.
You are immune to negative energy.
Your system is resistant to poisons.
You are immune to unholy pain and torment.
You can survive without breathing.


Message History

The adder bites you. The adder barely misses you.
You miss the adder.
The adder is heavily wounded.
The adder bites you but does no damage.
You hit the adder.
The adder flickers and vanishes!
Deactivating autopickup; reactivate with Ctrl-A.
Something bites you.
You hit something.
Nothing appears to happen.
Something bites you. Something bites you.
You hit something but do no damage. Something bites you. Something bites you.
You closely miss something. Something bites you.
* * * LOW HITPOINT WARNING * * *
Something bites you.
* * * LOW HITPOINT WARNING * * *
You hit something but do no damage. Something bites you.
* * * LOW HITPOINT WARNING * * *
A rat comes into view.
You barely miss something. Something bites you.
You die... "Huh?
Did I miss anything?"

... ...... .... . ...<
##'###... ........#
........########.#
.........##g.@....#.
.........##.#####...#
....###.....# #.#.#
.......r...# #.#.#
..........#####.#.#
..............##.#.#
#....#....###.##.#.#
...........+.(.##.#.###
......##....#....#.....#


You could see a goblin and a rat.

Vanquished Creatures
  3 adders (D:2)
  A ball python (shapeshifter) (D:2)
  5 bats
  A giant cockroach (D:1)
  A goblin (D:1)
  3 hobgoblins (D:1)
  2 jackals (D:2)
  2 giant newts
  2 kobolds
  3 rats (D:1)
23 creatures vanquished.

Vanquished Creatures (others)
  A jackal zombie (D:2)
1 creature vanquished.

Grand Total: 24 creatures vanquished

Notes
Turn   | Place    | Note
--------------------------------------------------------------
     0 | D:1      | Amnesiac, the Mummy Chaos Knight, began the quest for the Orb.
     0 | D:1      | Reached XP level 1. HP: 18/18 MP: 1/1
   302 | D:1      | XOM: harmless Divn miscast
   434 | D:1      | Reached XP level 2. HP: 24/24 MP: 2/2
   456 | D:1      | XOM: divination: detect creatures
   479 | D:1      | XOM: harmless Summ miscast
   636 | D:1      | XOM: divination: detect creatures
   780 | D:2      | Reached XP level 3. HP: 20/29 MP: 3/3
   807 | D:2      | XOM: harmless Ice miscast
  1190 | D:2      | Slain by an adder

Action                   || total
-------------------------++-------
Melee: Short sword       ||   101
 Stab: Confused          ||     1
